 Dungeon Crawl Stone Soup version 0.21.1-1-g345015fe64 (webtiles) character file.

1760 RepoMan the Insei (level 8, -6/67 HPs)
             Began as a Yellow Draconian Transmuter on July 12, 2018.
             Shot with a sling bullet by Joseph (9 damage)
             ... on level 7 of the Dungeon.
             The game lasted 00:39:43 (7338 turns).

RepoMan the Insei (Yellow Draconian Transmuter)     Turns: 7338, Time: 00:39:43

Health: -6/67      AC:  6    Str: 12    XL:     8   Next: 79%
Magic:  1/14       EV: 14    Int: 14    God:
Gold:   248        SH:  0    Dex: 14    Spells: 9/15 levels left

rFire    . . .     SeeInvis .     - Unarmed
rCold    . . .     Gourm    .   (no shield)
rNeg     . . .     Faith    .   (armour unavailable)
rPois    .         Spirit   .   (helmet restricted)
rElec    .         Reflect  .   (no cloak)
rCorr    +         Harm     .   (no gloves)
MR       .....                  (no boots)
Stlth    +.........             (no amulet)
HPRegen  0.21/turn              (no ring)
MPRegen  0.14/turn              (no ring)

@: short of breath, appendage, very slightly contaminated
A: spit acid, acid resistance, unfitting armour, horns 2, cold-blooded, AC +6
a: Breathe Acid, End Transformation


You were on level 7 of the Dungeon.
You were hungry.
You had grown temporary horns.
You visited 1 branch of the dungeon, and saw 7 of its levels.
You also visited: Sewer.

You collected 248 gold pieces.

Inventory:

Missiles
 a - 94 arrows
Jewellery
 d - an uncursed ring of fire
Wands
 s - a wand of scattershot (2)
Scrolls
 e - 2 scrolls of enchant weapon {unknown}
 h - 3 scrolls of blinking {unknown}
 i - 2 scrolls of enchant armour
 k - 12 scrolls of identify
 m - 7 scrolls of teleportation
 q - a scroll of fog {unknown}
 t - a scroll of vulnerability {unknown}
 u - a scroll of brand weapon {unknown}
Potions
 f - a potion of brilliance {unknown}
 g - 2 potions of resistance {unknown}
 j - 2 potions of ambrosia {unknown}
 l - a potion of might {unknown}
 n - a potion of mutation {unknown}
 o - a potion of curing {unknown}
 p - 3 potions of haste {unknown}
 r - 2 potions of flight {unknown}
Books
 b - a book of Changes

   Spells                             Type                      Level
   a - Beastly Appendage              Transmutation                1
   b - Sticks to Snakes               Transmutation                2
   c - Spider Form                    Transmutation/Poison         3
   d - Ice Form                       Ice/Transmutation            4
   e - Blade Hands                    Transmutation                5
Comestibles
 c - 10 rations


   Skills:
 + Level 4.6 Fighting
 + Level 4.2 Dodging
 * Level 6.7 Unarmed Combat
 + Level 4.3 Spellcasting
 * Level 6.3 Transmutations


You had 9 spell levels left.
You knew the following spells:

 Your Spells              Type           Power        Failure   Level  Hunger
a - Beastly Appendage     Tmut           ###...       1%          1    None
c - Spider Form           Tmut/Pois      ##........   16%         3    ###....
v - Sticks to Snakes      Tmut           ###.....     1%          2    ##.....


Dungeon Overview and Level Annotations

Branches:
Dungeon (7/15)
 Temple: D:4-7

Altars:
Cheibriados
Dithmenos
Fedhas
Gozag
Okawaru
Ru
Sif Muna
Xom

Annotations:
D:4 Purgy
D:7 Joseph


Innate Abilities, Weirdness & Mutations

You can spit globs of acid.
You are resistant to acid.
Your golden yellow scales are hard. (AC +6)
You cannot fit into any form of body armour.
You are cold-blooded and may be slowed by cold attacks.
You have a pair of horns on your head.


Message History

Confirm with . or Enter, or press ? or * to list all spells.
You create a snake!
You now have 94 arrows.
Joseph shoots a sling bullet.
The sling bullet hits your ball python.
Your ball python dies!
Evoke which item? (* to show all) (? for menu, Esc to quit)
Aiming: Scattershot
Press: ? - help, Shift-Dir - straight line, f/p - Joseph
Aim: Joseph, wielding a hunting sling and wearing a glowing ring mail (severely wounded)
The burst of metal fragments hits Joseph. x3
Joseph is almost dead.
Joseph shoots a sling bullet.
The sling bullet hits you!
* * * LOW HITPOINT WARNING * * *
Evoke which item? (* to show all) (? for menu, Esc to quit)
Aiming: Scattershot
Press: ? - help, Shift-Dir - straight line, f/p - Joseph
Aim: Joseph, wielding a hunting sling and wearing a glowing ring mail (almost dead)
The burst of metal fragments hits Joseph. x3
Joseph is almost dead.
Joseph shoots a sling bullet.
The sling bullet hits you!
You die...

#....# #....# ....#
#...# ###...#
#+##.....####.#
.......<......#
.........###########.#
...........@((.@....(#
....###....###########
... +....>(..(.......
.. ###....@######### #
#....(. ##......
#....... ####.#### ..#


You could see Joseph.

Vanquished Creatures
  Eustachio (D:4)
  The ghost of Gargoyl the Skirmisher, an amateur CeAK of Lugonu (D:4)
  A water moccasin (D:4)
  A black bear (D:6)
  A phantom (D:6)
  An ogre (D:4)
  2 centaurs (D:6)
  A centaur zombie (D:6)
  A crimson imp (D:5)
  A quasit (D:6)
  2 bullfrog zombies
  2 hounds (D:6)
  An orc priest (D:5)
  A bullfrog skeleton (D:4)
  An iguana (D:4)
  9 orc wizards
  2 worker ants (D:5)
  A hound zombie (D:5)
  A mummy (D:5)
  2 worker ant zombies (D:6)
  Robin (D:3)
  6 adders
  5 gnolls
  An ooze (D:1)
  2 adder skeletons
  3 worms
  3 leopard geckos
  23 orcs
  3 giant cockroaches
  7 goblins
  10 hobgoblins
  5 jackals
  7 kobolds
  2 quokkas
  3 bats
  7 frilled lizards
  2 hobgoblin zombies (D:5)
  2 orc zombies (D:5)
  13 rats
138 creatures vanquished.

Vanquished Creatures (collateral kills)
  An ogre (D:6)
  A crocodile (Sewer)
  A scorpion (D:4)
  An adder (D:3)
  A goblin (D:4)
5 creatures vanquished.

Grand Total: 143 creatures vanquished

Notes
Turn   | Place    | Note
-------+----------+-------------------------------------------
     0 | D:1      | RepoMan the Draconian Transmuter began the quest for the Orb.
     0 | D:1      | Reached XP level 1. HP: 16/16 MP: 3/3
    74 | D:1      | Reached XP level 2. HP: 23/23 MP: 5/5
    81 | D:1      | Learned a level 2 spell: Sticks to Snakes
   198 | D:1      | Found a stormy altar of Qazlal.
   200 | D:1      | Found a snail-covered altar of Cheibriados.
   200 | D:1      | Found a shimmering altar of Xom.
   202 | D:1      | Found a shimmering altar of Xom.
   202 | D:1      | Found a white marble altar of Elyvilon.
   202 | D:1      | Found a stormy altar of Qazlal.
  1035 | D:2      | Reached XP level 3. HP: 22/28 MP: 4/6
  1040 | D:2      | Learned a level 3 spell: Spider Form
  2015 | D:2      | Reached XP level 4. HP: 21/36 MP: 4/7
  2425 | D:3      | Found a sacrificial altar of Ru.
  2994 | D:3      | Reached XP level 5. HP: 35/41 MP: 5/8
  3161 | D:3      | Found an opulent altar of Gozag.
  3360 | D:3      | Found a deep blue altar of Sif Muna.
  3641 | D:4      | Noticed an ogre
  3645 | D:4      | Noticed Robin
  3652 | D:4      | Killed an ogre
  3696 | D:3      | Killed Robin
  3696 | D:3      | Reached XP level 6. HP: 35/50 MP: 0/10
  3840 | D:4      | Noticed Eustachio
  3866 | D:4      | Killed Eustachio
  4003 | D:4      | Noticed Gargoyl's ghost (amateur CeAK)
  4045 | D:4      | Killed Gargoyl's ghost
  4045 | D:4      | Reached skill level 5 in Unarmed Combat
  4045 | D:4      | Your scales start taking on a golden yellow colour.
  4045 | D:4      | Reached XP level 7. HP: 32/57 MP: 6/11
  4264 | D:4      | Noticed Purgy
  4469 | D:5      | Entered Level 5 of the Dungeon
  4558 | D:5      | Found a shadowy altar of Dithmenos.
  4626 | D:5      | Found a blossoming altar of Fedhas.
  4638 | D:5      | Reached skill level 5 in Transmutations
  4761 | D:5      | Found a snail-covered altar of Cheibriados.
  5535 | D:6      | Found a glowing drain.
  5540 | Sewer    | Entered a sewer
  5629 | Sewer    | Reached XP level 8. HP: 66/66 MP: 2/13
  6269 | D:6      | Found a shimmering altar of Xom.
  6458 | D:6      | Found an iron altar of Okawaru.
  7307 | D:7      | Noticed Joseph
  7337 | D:7      | HP: 3/67 [Joseph/sling bullet (8)]
  7338 | D:7      | Shot with a sling bullet by Joseph

Skill      XL: |  1  2  3  4  5  6  7  8 |
---------------+-------------------------+-----
Dodging        | 2 3 4 |  4.2
Fighting       | 2 3 4 |  4.6
Transmutations | 3 4 5 6 |  6.3
Unarmed Combat | 4 5 6 |  6.7
Spellcasting   | 3 4 |  4.3

Action                   |  1- 3 |  4- 6 |  7- 9 || total
-------------------------+-------+-------+-------++-------
Melee: Unarmed           |    95 |   162 |   169 ||   426
       Tailslap          |     8 |     7 |    10 ||    25
       Headbutt          |     4 |     1 |    11 ||    16
       Punch             |     2 |       |       ||     2
       Kick              |     6 |    12 |    16 ||    34
 Cast: Beastly Appendage |    21 |    20 |    18 ||    59
       Sticks to Snakes  |     4 |     8 |    21 ||    33
       Spider Form       |     1 |     7 |     5 ||    13
 Abil: Breathe Acid      |       |       |    26 ||    26
Evoke: Wand              |       |       |     6 ||     6
  Use: Potion            |       |     2 |       ||     2
       Scroll            |       |     1 |     4 ||     5
 Stab: Sleeping          |     1 |       |       ||     1
       Distracted        |       |     2 |     1 ||     3
  Eat: Chunk             |     4 |     5 |    13 ||    22
       Ration            |       |     1 |     1 ||     2
Armor: Skin              |    26 |    16 |    31 ||    73
Dodge: Dodged            |    62 |    97 |   117 ||   276
